 Dungeon Crawl Stone Soup version 0.26-a0-812-g31a745ddcd (webtiles) character file.

Game seed: 16104278772742653646

939 Azzok the Cleaver (level 7, -2/78 HPs)
             Began as a Demonspawn Berserker on Nov 15, 2020.
             Was a Believer of Trog.
             Succumbed to a queen ant's poison
             ... on level 8 of the Dungeon.
             The game lasted 00:02:39 (3016 turns).

Azzok the Cleaver (Demonspawn Berserker)            Turns: 3016, Time: 00:02:39

Health: -2/78      AC:  8    Str: 23    XL:     7   Next: 87%
Magic:  2/2        EV: 10    Int:  7    God:    Trog [**....]
Gold:   159        SH:  0    Dex: 12    Spells: 6/6 levels left

rFire    . . .     SeeInvis .   c - +7 quarterstaff of Onledur {antimagic, rC+ Str+4 Int-2}
rCold    + . .     Faith    .   (shield currently unavailable)
rNeg     . . .     Spirit   +   g - +0 scale mail
rPois    .         Reflect  .   (helmet restricted)
rElec    .         Harm     .   (no cloak)
rCorr    .         Rampage  .   (no gloves)
MR       .....     Rnd*Tele +   (no boots)
Stlth    ..........             (no amulet)
HPRegen  0.23/turn              i - ring of teleportation (curse)
MPRegen  0.16/turn              (no ring)

@: berserking (expiring), lethally poisoned (-2 -> -163), marked, very quick
A: antennae 1, thin metallic scales 1, magic shield, magic regeneration
a: Berserk, Trog's Hand, Renounce Religion


You were on level 8 of the Dungeon.
You worshipped Trog.
Trog was pleased with you.
You visited 1 branch of the dungeon, and saw 6 of its levels.

You collected 159 gold pieces.

Inventory:

Hand Weapons
 a - a +1 hand axe
 c - the +7 quarterstaff of Onledur (weapon) {antimagic, rC+ Str+4 Int-2}
   (You found it on level 6 of the Dungeon)

   It reduces the magical energy of the wielder, and disrupts the spells and
   magical abilities of those hit.
   Natural abilities and divine invocations are not affected.
   It affects your strength (+4).
   It affects your intelligence (-2).
   It protects you from cold.
Armour
 b - a +0 animal skin
 g - a +0 scale mail (worn)
Jewellery
 i - a cursed ring of teleportation (left hand)
Scrolls
 f - 2 scrolls of enchant weapon
 h - a scroll of immolation
Potions
 d - a potion of haste {unknown}
 e - 3 potions of curing {unknown}


   Skills:
 - Level 3.0 Fighting
 + Level 8.8 Axes
 - Level 1.7 Armour
 - Level 1.7 Dodging


You had 6 spell levels left.
You didn't know any spells.
Your spell library was empty.

Dungeon Overview and Level Annotations

Branches:
Dungeon (8/15)
 Temple: D:4-7         Lair: D:8-11

Altars:

Annotations:
D:7 exclusion: ice statue


Innate Abilities, Weirdness & Mutations

You have a pair of small antennae on your head.
You are partially covered in thin metallic scales. (AC +2)
When hurt, damage is shared between your health and your magic reserves.
You regenerate magic rapidly.


Message History

The queen ant is heavily wounded.
Your skin stops crawling.
You feel less resistant to hostile enchantments.
* * * LOW HITPOINT WARNING * * *
You feel extremely sick.
A wight comes into view. It is wielding a +2 scimitar.
You bludgeon the queen ant!!
The queen ant is severely wounded.
* * * LOW HITPOINT WARNING * * *
You feel extremely sick. The queen ant misses you.
You bludgeon the queen ant!!
You kill the queen ant!
Trog accepts your kill.
Your life force feels restored.
Your Axes skill gained 2 levels and is now at level 8!
You have reached level 7!
Your demonic ancestry asserts itself...
You feel your magic shroud grow more resilient.
You die...

▒··BB▒··········▒
▒···············▒
▒···B·····▒▒▒▒▒▒▒ ·
▒·····B···▒ ▒▒▒▒▒· ▒▒▒▒▒▒▒▒
▒···BB····▒ ···[·· ▒······▒
▒·········▒ ······ ▒······▒
▒··{{BB···▒ ······
▒······▒▒▒▒▒▒▒▒B▒▒▒▒ ······
▒··········@·BBB▒▒▒▒▒▒······
▒▒▒▒▒▒·▒▒▒▒▒▒▒▒▒Bz··z·········
▒···········▒▒▒▒·▒▒▒▒▒▒▒▒▒▒···
▒···^··········▒·▒
▒················▒
▒··········)·····▒
▒················▒
▒················▒
▒▒▒▒▒▒▒▒▒········▒


You could see 3 soldier ants, 2 worker ants and 2 wights.

Vanquished Creatures
  A queen ant (D:8)
  A bullfrog (D:8)
  A scorpion (D:3)
  A wight (D:6)
  A centaur zombie (D:6)
  A hound (D:8)
  A worker ant (D:8)
  A howler monkey skeleton (D:6)
  2 adders
  A dart slug (D:1)
  2 leopard geckos
  2 bats
  3 giant cockroaches
  5 hobgoblins
  6 jackals
  A ball python (D:8)
  4 frilled lizards
  8 goblins
  5 kobolds
  7 rats
54 creatures vanquished.

Notes
Turn   | Place    | Note
-------+----------+-------------------------------------------
     0 | D:1      | Azzok the Demonspawn Berserker began the quest for the Orb.
     0 | D:1      | Reached XP level 1. HP: 18/18 MP: 1/1
    92 | D:1      | Reached skill level 3 in Axes
   201 | D:1      | Gained mutation: You have a pair of small antennae on your
                  | head. [demonic ancestry]
   201 | D:1      | Reached XP level 2. HP: 24/24 MP: 2/2
  1017 | D:1      | Gained mutation: You are partially covered in thin metallic
                  | scales. (AC +2) [demonic ancestry]
  1017 | D:1      | Reached XP level 3. HP: 23/29 MP: 3/3
  1147 | D:2      | Reached skill level 4 in Axes
  1697 | D:2      | Reached ** piety under Trog
  2160 | D:3      | Noticed a scorpion
  2168 | D:3      | Killed a scorpion
  2168 | D:3      | Reached skill level 5 in Axes
  2168 | D:3      | Reached XP level 4. HP: 25/35 MP: 4/4
  2425 | D:3      | You fall into a shaft and drop 3 floors!
  2440 | D:6      | Reached XP level 5. HP: 38/41 MP: 5/5
  2442 | D:6      | Got an encrusted quarterstaff
  2443 | D:6      | Identified the +7 quarterstaff of Onledur {antimagic, rC+
                  | Str+4 Int-2} (You found it on level 6 of the Dungeon)
  2612 | D:7      | Noticed an ice statue
  2886 | D:8      | Reached skill level 6 in Axes
  2886 | D:8      | Gained mutation: When hurt, damage is shared between your
                  | health and your magic reserves. [demonic ancestry]
  2886 | D:8      | Reached XP level 6. HP: 37/47 MP: 2/6
  2986 | D:8      | Noticed a soldier ant
  2988 | D:8      | Noticed a queen ant
  2988 | D:8      | Noticed a soldier ant
  2988 | D:8      | Noticed a soldier ant
  3013 | D:8      | Noticed a soldier ant
  3016 | D:8      | Killed a queen ant
  3016 | D:8      | Reached skill level 8 in Axes
  3016 | D:8      | Gained mutation: You regenerate magic rapidly. [demonic
                  | ancestry]
  3016 | D:8      | Reached XP level 7. HP: 7/52 MP: 2/7
  3016 | D:8      | Succumbed to a queen ant's poison

Illustrated notes

Levels and vault maps discovered:
D:1:      ncdulo_smallfort, layout_loops_cross
D:2:      layout_basic
D:3:      layout_basic
D:6:      layout_rooms, minmay_temple_entry_overgrown
D:7:      lemuel_ice_statue, layout_basic, nrook_loot_triangle,
          corexii_corridor_pit, uniq_joseph
D:8:      minmay_chambers_of_sevens, layout_basic, zaba_antful_of_joy,
          uniq_pikel

Skill      XL: |  1  2  3  4  5  6 |
---------------+-------------------+-----
Axes           | 3 5 6 8 |  8.8
Fighting       | |  3.0
Armour         | |  1.7
Dodging        | |  1.7

Action                   |  1- 3 |  4- 6 |  7- 9 || total
-------------------------+-------+-------+-------++-------
Melee: Hand axe          |   127 |    16 |       ||   143
       Quarterstaff      |       |    29 |       ||    29
Invok: Berserk           |     1 |     1 |       ||     2
       Trog's Hand       |       |     1 |       ||     1
  Use: Scroll            |       |     2 |       ||     2
 Stab: Distracted        |     1 |       |       ||     1
Armor: Animal skin       |     9 |       |       ||     9
       Scale mail        |    21 |    17 |       ||    38
Dodge: Dodged            |    60 |    25 |       ||    85

Table legend: (Time is in decaauts)
 A = Elapsed time spent in this place.
 B = Non-inter-level travel time spent in this place.
 C = Inter-level travel time spent in this place.
 D = Time resting spent in this place.
 E = Time spent auto-exploring this place.
 F = Levels seen in this place.
 G = Mean time per level.
                   A        B        C        D        E       F      G
               +--------+--------+--------+--------+--------+-----+--------+
         Total |   3050 |   3022 |     28 |    468 |   2131 |   6 |  508.3 |
       Dungeon |   3050 |   3022 |     28 |    468 |   2131 |   6 |  508.3 |
               +--------+--------+--------+--------+--------+-----+--------+

Top non-repeatable levels by time:
     D:1: 1130 daAuts
     D:2: 882 daAuts
     D:3: 440 daAuts
     D:8: 403 daAuts
     D:7: 153 daAuts
     D:6: 39 daAuts
